Map: Queda Cerúlea LE

Players

Vicster - Winner!

  • Race: Terran Terran
  • Spawn Location: 1:00

Carlinho

  • Race: Terran Terran
  • League: Silver
  • Spawn Location: 7:00

VOD

Have the link to the VOD?

Description

Time

  • Played on: Jan. 8, 2019, 1:36 p.m.
  • Length: 17:55
Show
View Real Time Build Order
Export as new Build Order

Vicster Terran - Winner!

Build Orders: Mech 

Get SALT Encoding   

  12  0:01  SCV  
  13  0:13  SCV  
  14  0:18  Supply Depot  
  14  0:25  SCV  
  15  0:41  Barracks  
  15  0:46  SCV  
  16  0:58  SCV  
  16  0:59  Refinery  
  17  1:10  SCV  
  18  1:22  SCV  
  19  1:34  Orbital Command  
  19  1:44  Command Center  
  19  2:02  SCV  
  19  2:03  Factory  
  20  2:09  Supply Depot  
  20  2:14  Refinery, SCV  
  21  2:26  SCV  
  22  2:39  SCV  
  21  2:59  Factory Tech Lab  
  21  3:02  SCV  
  22  3:09  Marine  
  23  3:25  Orbital Command  
  23  3:29  Siege Tank  
  23  3:50  SCV, Supply Depot  
  23  3:51  SCV  
  25  3:56  Command Center  
  25  4:10  Bunker  
  24  4:33  Marine  
  24  4:35  Siege Tank  
  24  4:38  SCV  
  29  4:42  SCV  
  30  4:50  Factory, SCV  
  30  4:52  Factory  
  31  4:55  SCV, Supply Depot  
  32  5:02  SCV  
  34  5:07  SCV  
  34  5:08  Engineering Bay  
  34  5:11  Armory  
  34  5:14  SCV  
  34  5:17  Orbital Command  
  35  5:22  SCV  
  36  5:38  Missile Turret  
  36  5:39  Missile Turret  
  36  5:42  Factory Tech Lab x2  
  36  5:46  SCV  
  36  5:49  SCV  
  38  5:50  SCV  
  39  5:58  SCV  
  39  6:00  Refinery  
  39  6:01  SCV  
  39  6:02  Refinery, SCV  
  42  6:09  Thor  
  48  6:15  SCV, Supply Depot  
  48  6:16  SCV  
  48  6:17  SCV  
  51  6:27  SCV  
  51  6:28  SCV  
  51  6:29  SCV  
  54  6:35  Thor  
  54  6:39  SCV  
  61  6:43  Thor  
  67  6:51  Supply Depot  
  67  6:52  Terran Vehicle Weapons Level 1  
  67  6:55  SCV x2  
  69  7:02  Orbital Command  
  69  7:14  SCV x2  
  71  7:17  Thor  
  75  7:26  SCV x2  
  76  7:38  SCV  
  77  8:00  Missile Turret x2  
  77  8:04  Thor  
  83  8:07  Hellion  
  85  8:22  Supply Depot  
  85  8:43  Refinery, SCV x3  
  85  8:44  Command Center, Hellion x2  
  85  8:46  Refinery, Factory  
  87  8:55  SCV x2  
  86  9:05  Hellion  
  88  9:14  Orbital Command  
  83  9:39  Factory Tech Lab  
  83  9:44  Factory  
  83  9:55  Command Center  
  83  9:56  Factory x2  
  83  9:58  Factory x2  
  83  10:20  Terran Vehicle Weapons Level 2  
  83  10:26  Armory  
  83  10:29  Missile Turret  
  83  10:31  Missile Turret  
  83  10:34  Missile Turret, Orbital Command  
  83  10:35  SCV x3  
  85  10:36  Missile Turret  
  86  10:47  SCV x2  
  86  10:48  SCV  
  87  10:59  SCV x2  
  87  11:00  SCV  
  89  11:04  Missile Turret  
  89  11:11  SCV x2  
  89  11:12  SCV  
  92  11:20  Factory Tech Lab x2  
  92  11:21  Factory Tech Lab  
  92  11:22  Factory Tech Lab  
  92  11:23  Factory Tech Lab, SCV x2  
  92  11:24  SCV, Terran Vehicle And Ship Armor Level 1  
  95  11:30  SCV  
  96  11:35  SCV x2  
  96  11:36  SCV  
  99  11:42  SCV  
  99  11:44  Supply Depot, Orbital Command  
  100  11:47  SCV  
  100  11:50  SCV x2  
  103  11:59  SCV  
  104  12:02  SCV x2  
  104  12:05  Thor x4  
  130  12:14  Supply Depot  
  130  12:16  Orbital Command  
  128  12:23  Hellbat x2  
  128  12:35  Thor  
  134  12:37  Supply Depot  
  136  12:44  Hellbat  
  136  12:49  Hellbat  
  138  12:56  Supply Depot  
  138  12:59  Thor, Supply Depot, Hellbat  
  138  13:00  Supply Depot  
  138  13:02  SCV  
  147  13:12  Refinery x2  
  147  13:18  Thor, SCV x2  
  155  13:20  Thor, SCV x2  
  155  13:21  Hellbat x3, SCV  
  170  13:30  Refinery, SCV  
  171  13:36  Supply Depot  
  171  13:39  Refinery  
  171  13:43  SCV  
  169  14:19  Supply Depot x2  
  169  14:23  Supply Depot  
  169  14:24  Supply Depot  
  169  14:27  Supply Depot x2  
  169  14:30  Supply Depot  
  169  14:35  Terran Vehicle Weapons Level 3  
  169  14:40  SCV x3, Terran Vehicle And Ship Armor Level 2  
  169  14:41  Hellbat x2, SCV  
  169  14:43  Thor  
  169  14:44  Thor  
  169  14:45  Thor x2  
  187  14:48  Thor  
  187  14:49  Thor  
  190  14:53  SCV x4  
  194  15:02  Thor, Supply Depot  
  194  15:03  Supply Depot  
  194  15:05  SCV x2, Supply Depot  
  187  15:07  Supply Depot  
  187  15:10  Thor  
  185  15:26  Thor  
  185  15:27  Thor  
  199  15:28  Hellbat  
  199  15:32  Hellbat  
  195  15:37  SCV x4  
  195  15:42  Refinery  
  199  15:46  Command Center  
  199  15:49  SCV  
  200  15:56  Command Center  
Show
View Real Time Build Order
Export as new Build Order

Carlinho Terran 

Build Orders:  

Get SALT Encoding   

  12  0:04  SCV  
  13  0:15  Supply Depot  
  13  0:20  SCV  
  14  0:39  Barracks, SCV  
  15  0:50  Refinery  
  15  0:51  SCV  
  16  1:03  Barracks  
  16  1:09  SCV  
  17  1:21  SCV  
  18  1:26  Refinery  
  18  1:33  SCV  
  18  1:35  Reaper  
  20  1:45  SCV  
  21  1:53  Barracks Reactor  
  21  1:58  SCV  
  22  2:02  Supply Depot  
  22  2:10  SCV  
  23  2:23  Orbital Command  
  23  2:24  Marine  
  24  2:42  Marine  
  25  2:59  Marine  
  25  3:03  SCV  
  27  3:10  Marine x2, Factory  
  29  3:17  Marine  
  30  3:28  Marine  
  31  3:56  Factory Tech Lab  
  31  4:02  Supply Depot  
  31  4:03  Supply Depot x2  
  31  4:07  Supply Depot  
  30  4:36  Siege Tank  
  33  4:45  Starport  
  33  4:48  Starport  
  33  4:54  Command Center  
  33  5:03  Barracks Tech Lab  
  33  5:13  SCV  
  34  5:23  Starport Tech Lab  
  34  5:25  SCV, Starport Tech Lab  
  34  5:27  Refinery  
  35  5:35  Factory  
  35  5:37  Supply Depot  
  35  5:40  Marine x3  
  38  5:47  Stimpack  
  38  5:50  Banshee x2  
  38  5:52  Cloaking Field  
  38  5:54  Hyperflight Rotors  
  44  5:58  Marine x2  
  46  6:05  SCV  
  46  6:10  Orbital Command  
  47  6:14  Marine  
  47  6:16  Marine x2  
  47  6:17  SCV  
  47  6:18  Factory Tech Lab  
  51  6:30  SCV  
  51  6:32  Marine  
  53  6:33  Marine x2, Engineering Bay  
  55  6:40  Armory  
  55  6:42  SCV  
  55  6:45  Refinery  
  56  6:52  Siege Tank x2  
  62  6:55  SCV  
  62  6:57  SCV  
  64  7:01  Engineering Bay  
  64  7:02  Terran Infantry Armor Level 1  
  64  7:09  SCV  
  64  7:12  Medivac x2  
  66  8:19  Siege Tank x2  
  72  8:21  Marine x3  
  75  8:30  SCV  
  76  8:37  SCV  
  76  8:39  Marine x3  
  80  8:43  SCV  
  81  8:49  SCV  
  81  8:51  Siege Tank  
  81  8:55  SCV  
  80  8:56  Marine  
  80  9:01  SCV  
  82  9:07  SCV  
  83  9:13  SCV  
  83  9:19  SCV  
  72  9:26  Marine  
  72  9:27  Marine x2  
  75  9:44  Marine x3  
  78  9:57  Barracks  
  78  10:01  Terran Infantry Weapons Level 1  
  78  10:02  Marine x3, Terran Infantry Armor Level 2  
  78  10:03  Terran Vehicle Weapons Level 1  
  78  10:06  Medivac x2  
  85  10:15  Supply Depot x2  
  85  10:17  Supply Depot  
  85  10:19  Supply Depot  
  85  10:20  Marine, Supply Depot  
  86  10:21  Supply Depot x2  
  86  10:36  Marine x2, Medivac x2  
  86  10:41  Supply Depot  
  92  10:45  Barracks  
  92  10:54  Marine  
  90  11:05  Barracks Reactor  
  90  11:06  Medivac x2  
  90  11:07  Marine x2  
  96  11:12  Marine, Rapid Reignition System  
  96  11:14  SCV  
  98  11:25  Marine x2  
  100  11:26  SCV  
  100  11:29  Marine  
  100  11:32  Barracks  
  102  11:34  Sensor Tower  
  102  11:39  Barracks Reactor  
  102  11:41  Marine x2  
  102  11:42  Marine  
  102  11:43  Marine, Sensor Tower  
  106  11:47  Marine  
  107  11:58  Command Center  
  107  11:59  Marine x2  
  107  12:00  Marine x2  
  111  12:05  Marine  
  112  12:17  Marine x2  
  112  12:18  Marine x2  
  96  12:23  Marine  
  84  12:34  Marine  
  84  12:35  Marine  
  84  12:36  Marine x5  
  91  12:41  Marine  
  92  12:44  Terran Vehicle And Ship Armor Level 1  
  92  12:46  Terran Infantry Armor Level 3  
  92  12:47  Terran Infantry Weapons Level 2  
  92  12:52  Marine x2  
  92  12:54  Marine x5  
  99  12:59  Marine  
  100  13:10  Marine x2  
  100  13:11  Marine  
  100  13:12  Marine x4  
  107  13:16  Marine, Refinery  
  107  13:17  Planetary Fortress  
  108  13:34  Command Center  
  108  13:42  Refinery  
  108  14:04  SCV  
  108  14:07  Marine  
  108  14:08  Marine x6  
  116  14:16  SCV  
  117  14:25  Marine x2  
  117  14:26  Marine x4  
  117  14:28  SCV  
  114  14:40  SCV  
  80  15:09  Marine x3  
  80  15:11  Marine x3  
  80  15:12  Marine x2  
  56  15:23  Banshee x2  
  56  15:27  Marine x3  
  65  15:29  Marine x5  
  68  15:45  Marine x3  
  68  15:47  Marine x5  
  76  16:04  Thor  
  76  16:05  Thor, Banshee x2  
  59  16:47  Thor x2  
  59  16:48  Banshee x2  
Tags
 
Composition
Mech
League
Silver
Matchup
TvT
Race
Terran
Replay Pack
Vicster replay
Spawn Locations
Cross Positions
Add a new tag
Caveats
  • Supply blocks, unpowered buildings, or Contaminate may cause inaccurate times.
  • Supply counts are checked every 10 seconds.